 Dungeon Crawl Stone Soup version bcrawl-1.21.2-28-g2cb1824106 (webtiles) character file.

Game seed: 9008864593446252250

111 MisterOstroum the Cudgeler (level 4, -3/28 HPs)
             Began as a Skeleton Archaeologist on Mar 16, 2020.
             Killed by divine providence
             ... invoked by an orc priest
              (10 damage)
             ... on level 3 of the Dungeon.
             The game lasted 00:02:27 (2342 turns).

MisterOstroum the Cudgeler (Skeleton Archaeologist) Turns: 2342, Time: 00:02:27

Health: -3/28      AC: 13    Str: 17 (18) XL:     4   Next: 62%
Magic:  0/4        EV:  8    Int: 12 (13) God:
Gold:   93         SH:  0    Dex:  7      Spells: 3/3 levels left

rFire    + . .     SeeInvis .   a - +0 whip
rCold    + . .     Gourm    .   (no shield)
rNeg     + + +     Faith    .   s - +2 chain mail {rF+}
rPois    ∞         Spirit   +   c - +1 hat
rElec    .         Reflect  .   (no cloak)
rCorr    .         Harm     .   (no gloves)
MR       +....                  d - +1 pair of boots
Stlth    ..........             (no amulet)
HPRegen  0.09/turn              o - ring of protection from magic
MPRegen  0.09/turn              (no ring)

@: no status effects
A: no food or potions, cold resistance 1, deterioration 1, negative energy
resistance 3, torment resistance, unbreathing, magic shield, sturdy frame 1,
spell healing
a: no special abilities


You were on level 3 of the Dungeon.
You were not hungry.

You visited 1 branch of the dungeon, and saw 3 of its levels.

You collected 93 gold pieces.

Inventory:

Hand Weapons
 a - a +0 whip (weapon)
 q - a +0 mace
 r - a +0 hand axe
Missiles
 h - 415 stones (quivered)
Armour
 b - a +1 robe
 c - a +1 hat (worn)
 d - a +1 pair of boots (worn)
 j - a +0 ring mail
 p - a +0 chain mail
 s - a +2 chain mail of fire resistance (worn)
Jewellery
 o - a ring of protection from magic (left hand)
Wands
 m - a wand of iceblast (5)
Scrolls
 e - 2 scrolls of magic mapping {@r5 !r}
 g - a scroll of teleportation {@r3 !r}
 i - 2 scrolls of identify
 k - 2 scrolls of remove curse
 l - a scroll of enchant armour {unknown}
 n - 3 scrolls of amnesia
Miscellaneous
 f - a dusty tome


   Skills:
 * Level 3.2 Fighting
 * Level 0.6(2.3) Axes
 - Level 3.7 Maces & Flails
 - Level 3.0 Dodging
 - Level 3.6 Stealth


You had 3 spell levels left.
You didn't know any spells.
Your spell library was empty.

Dungeon Overview and Level Annotations

Branches:
Dungeon (3/12)

Altars:

Annotations:
D:2 Sigmund


Innate Abilities, Weirdness & Mutations

You do not eat or drink.
You are immune to poison.
Your flesh is cold resistant. (rC+)
Your body sometimes deteriorates upon taking damage.
You are immune to negative energy. (rN+++)
You are immune to unholy pain and torment.
You can survive without breathing.
When hurt, damage is shared between your health and your magic reserves.
Your movements are slightly less encumbered by armour. (ER -2)
Casting spells heals you.


Message History

The giant cockroach is severely wounded.
The giant cockroach closely misses you. The giant cockroach barely misses you.
You hit the giant cockroach.
You kill the giant cockroach!
No target in view!
Drop what? 19/52 slots (_ for help) (? for menu, Esc to quit)
Okay, then.
Found a ration.
A kobold, an orc and an orc priest come into view.
The kobold shouts!
The orc shouts!
The orc priest shouts!
The kobold throws a stone.
The stone hits you but does no damage.
Found a robe.
There are monsters nearby!
Throwing (i - inventory)
h - 419 stones (quivered)
Press: ? - help, Shift-Dir - straight line, f - kobold
Aim: a kobold, quivering 2 stones You throw a stone.
The stone hits the kobold but does no damage.
The kobold throws a stone.
The stone completely misses you.
An orc comes into view. It is wielding a +1 hand axe of venom.
Throwing (i - inventory)
h - 418 stones (quivered)
Press: ? - help, Shift-Dir - straight line, f/p - kobold
Aim: a kobold, quivering a stone You throw a stone.
The stone hits the orc priest but does no damage.
The kobold throws a stone.
The stone hits you but does no damage.
An orc comes into view.
Throwing (i - inventory)
h - 417 stones (quivered)
Press: ? - help, Shift-Dir - straight line, f/p - orc priest
Aim: an orc priest, wielding a -3 club and wearing a +0 ring mail You throw a stone.
The orc shouts!
The stone hits the orc priest.
The orc priest is lightly wounded.
The orc priest calls down the wrath of Beogh upon you.
Beogh smites you!
Your body deteriorates!
You feel dopey.
An orc comes into view. It is wielding a +0 trident.
Throwing (i - inventory)
h - 416 stones (quivered)
Press: ? - help, Shift-Dir - straight line, f/p - orc priest
Aim: an orc priest, wielding a -3 club and wearing a +0 ring mail (lightly wounded)
You throw a stone. The stone hits the orc.
The orc is moderately wounded.
Your chain mail prevents you from hitting the orc.
The orc is moderately wounded.
You closely miss the orc.
The orc is moderately wounded.
The orc hits you but does no damage.
Your chain mail prevents you from hitting the orc.
The orc is moderately wounded.
The orc hits you but does no damage. The kobold closely misses you.
You hit the orc priest but do no damage.
The orc priest is lightly wounded.
The orc hits you but does no damage. The kobold closely misses you.
The orc priest hits you but does no damage.
You closely miss the orc priest.
The orc priest is lightly wounded.
The orc hits you but does no damage. The kobold closely misses you.
The orc priest closely misses you.
You hit the orc priest but do no damage.
The orc priest is lightly wounded.
The orc hits you but does no damage. The kobold hits you.
You hit the orc priest but do no damage.
The orc priest is lightly wounded.
The orc priest closely misses you. The orc misses you. The kobold hits you.
You hit the orc priest but do no damage.
The orc priest is lightly wounded.
The orc priest misses you. The orc barely misses you.
The orc hits you from afar with a +0 trident.
The kobold hits you but does no damage.
You completely miss the orc priest.
The orc priest is lightly wounded.
The orc priest hits you but does no damage.
The orc closely misses you. The kobold hits you but does no damage.
The orc hits you but does no damage.
You hit the orc priest.
The orc priest is heavily wounded.
The orc priest calls upon Beogh to heal the orc.
The orc's wounds heal themselves!
The orc hits you but does no damage. x2
You barely miss the orc priest.
The orc priest is heavily wounded.
The kobold hits you but does no damage. The orc hits you but does no damage.
The orc barely misses you.
You barely miss the orc priest.
The orc priest is heavily wounded.
The kobold closely misses you.
The orc hits you from afar with a +0 trident.
The orc priest hits you but does no damage.
The orc closely misses you. The orc hits you but does no damage.
You hit the orc priest but do no damage.
The orc priest is heavily wounded.
The kobold hits you but does no damage. The orc hits you but does no damage.
The orc closely misses you.
The orc priest hits you with a cursed -3 club.
* * * LOW HITPOINT WARNING * * *
Your body deteriorates!
You feel weakened. The orc hits you but does no damage. x2
The orc priest invokes the aid of Beogh against you.
Beogh smites you!
You die...

##......# ####.......#
...#†...)..# ##.##.#
†..........# .[....#
###.##.##### ......#
###.....###### ......#
.####.#......#####.%....#
.......#####.....#.....##
###.##.# #####@oo.....#
##..##.. ##Ko...... ##.#
#### #.oo...... ...#
#......... ..[# ..
..........
†..#########.##..........
.........................
#.........# #.##.........
#.........###....#........


You could see an orc priest, 4 orcs and a kobold.

Vanquished Creatures
  Terence (D:3)
  An adder (D:3)
  An ooze (D:1)
  3 worms
  3 dart slugs (D:2)
  5 leopard geckos
  An orc (D:2)
  A ball python (D:1)
  5 bats
  2 giant cockroaches
  8 goblins
  5 hobgoblins
  A jackal (D:1)
  2 quokkas
  3 frilled lizards (D:1)
  6 kobolds
  7 rats
55 creatures vanquished.

Vanquished Creatures (others)
  4 toadstools (D:1)
4 creatures vanquished.

Grand Total: 59 creatures vanquished

Notes
Turn   | Place    | Note
-------+----------+-------------------------------------------
     0 | D:1      | MisterOstroum the Skeleton Archaeologist began the quest
                  | for the Orb.
     0 | D:1      | Reached XP level 1. HP: 12/12 MP: 1/1
   190 | D:1      | Reached XP level 2. HP: 15/16 MP: 2/2
   913 | D:1      | Reached XP level 3. HP: 21/21 MP: 3/3
  1908 | D:2      | Noticed Sigmund
  2003 | D:3      | Reached XP level 4. HP: 12/27 MP: 2/4
  2164 | D:3      | Noticed Terence
  2189 | D:3      | Killed Terence
  2342 | D:3      | Killed from afar by an orc priest

Skill      XL: |  1  2  3  4 |
---------------+-------------+-----
Maces & Flails | 2 3 |  3.7
Fighting       | 2 3 |  3.2
Axes           | |  0.6
Dodging        | |  3.0
Stealth        | |  3.6

Action                   |  1- 3 |  4- 6 || total
-------------------------+-------+-------++-------
Melee: Whip              |   201 |    69 ||   270
Throw: Stone             |    64 |    29 ||    93
  Use: Scroll            |     3 |       ||     3
 Stab: Sleeping          |     5 |       ||     5
Armor: Robe              |    60 |       ||    60
       Ring mail         |    17 |       ||    17
       Chain mail        |       |    42 ||    42
Dodge: Dodged            |   125 |    32 ||   157
